 Dungeon Sprint DCSS version 0.28-a0-1435-g82390b3a13 (webtiles) character file.

Game seed: 11750067208137963990

90771 mhtbhm the Axe Maniac (level 14, -6/168 HPs)
             Began as a Minotaur Berserker on Jan 9, 2022.
             Was the Champion of Trog.
             Mangled by Sojobo (9 damage)
             ... in the Dungeon (Sprint III: "The Ten Rune Challenge").
             The game lasted 00:18:19 (9171 turns).

mhtbhm the Axe Maniac (Minotaur Berserker)          Turns: 9171, Time: 00:18:20

Health: -6/168     AC: 16    Str: 26    XL:     14   Next: 65%
Magic:  13/13      EV: 16    Int: 11    God:    Trog [******]
Gold:   493        SH:  5    Dex: 11    Spells: 13/13 levels left

rFire   . . .      SeeInvis .   a - +7 executioner's axe of Youthful Indiscretion {vorpal, Int+4}
rCold   + . .      Faith    .   (shield currently unavailable)
rNeg    . . .      Spirit   .   b - +3 scale mail {rC+}
rPois   +          Reflect  +   o - +2 hat {Int+3}
rElec   .          Harm     .   (no cloak)
rCorr   .          Rampage  .   (no gloves)
Will    ++...      NoTele   +   (no boots)
Stlth   ++++......              x - amulet of reflection
HPRegen 0.38/turn               j - ring of willpower
MPRegen 0.13/turn               i - +4 ring of slaying

@: on berserk cooldown, slowed, very slow
A: horns 2, retaliatory headbutt, talons 1, poison resistance, subdued magic 1,
MP-powered wands
}: 2/10 runes: serpentine, barnacled
a: Renounce Religion, Berserk, Trog's Hand, Brothers in Arms


You were in the Dungeon.
You worshipped Trog.
Trog was exalted by your worship.
You visited 1 branch You collected 2238 gold pieces.
You spent 1745 gold pieces at shops.

Inventory:

Hand Weapons
 a - the +7 executioner's axe of Youthful Indiscretion (weapon) {vorpal, Int+4}
   (You found it in the Dungeon)

   It inflicts extra damage upon your enemies.
   Int:       It affects your intelligence (+4).
 J - a +5 executioner's axe of flaming
Missiles
 q - 5 boomerangs
 s - 5 javelins
 t - 5 atropa-tipped darts
 u - 5 datura-tipped darts
 v - 7 curare-tipped darts (quivered)
 B - a throwing net
Armour
 b - a +3 scale mail of cold resistance (worn)
 o - a +2 hat of intelligence (worn)
 G - a +2 chain mail of fire resistance
Jewellery
 i - a +4 ring of slaying (right hand)
 j - a ring of willpower (left hand)
 r - an amulet of guardian spirit
 x - an amulet of reflection (around neck)
 A - a ring of positive energy
 D - a +6 ring of dexterity
Wands
 y - a wand of iceblast (8)
Scrolls
 h - 2 scrolls of blinking
 l - 2 scrolls of immolation
 p - 2 scrolls of identify
 w - 3 scrolls of enchant armour
 C - a scroll of acquirement {unknown}
 E - 2 scrolls of magic mapping
 F - a scroll of fear {unknown}
 H - a scroll of holy word {unknown}
 I - a scroll of fog
Potions
 c - 4 potions of curing
 d - a potion of heal wounds
 e - 2 potions of haste
 f - 2 potions of magic
 g - 2 potions of berserk rage
 k - 3 potions of mutation
 m - 2 potions of attraction {unknown}
 z - 2 potions of might
Miscellaneous
 n - a box of beasts


   Skills:
 O Level 27 Fighting
 O Level 27 Axes
 + Level 1.4 Throwing
 + Level 19.0 Armour
 + Level 16.5 Dodging
 + Level 14.0 Stealth
 - Level 7.1 Shields
 + Level 1.8 Evocations


You had 13 spell levels left.
You didn't know any spells.
Your spell library was empty.

Dungeon Overview and Level Annotations

Branches:
Dungeon (1/1)

Altars:
Cheibriados
Dithmenos
Elyvilon
Fedhas
Gozag
Hepliaklqana
Kikubaaqudgha
Makhleb
Nemelex Xobeh
Okawaru
Qazlal
Ru
Sif Muna
Trog
Uskayaw
Vehumet
Wu Jian
Xom
Yredelemnul
Zin
The Shining One
Beogh
Jiyva
Lugonu

Shops:
D ?:[?(=(*??![:(=[??

Annotations:
D Sojobo


Innate Abilities, Weirdness & Mutations

You have a pair of horns on your head.
You reflexively headbutt those who attack you in melee.
You have sharp toenails.
Your system is resistant to poisons. (rPois)
Your spells are a little easier to cast, but a little less powerful.
You expend magic power (3 MP) to strengthen your wands.


Message History

Sojobo hits you with a +0 vorpal morningstar.
You block Sojobo's attack. Sojobo claws you but does no damage.
Sojobo blocks your attack.
Your kick misses Sojobo. Your headbutt misses Sojobo.
Sojobo is heavily wounded.
You slice Sojobo like a ripe choko!!!
Sojobo is almost dead.
You are no longer berserk.
You are exhausted.
You feel yourself slow down.
Sojobo hits you with a +0 vorpal morningstar.
Sojobo pecks you but does no damage. Sojobo claws you but does no damage.
Sojobo blocks your attack. x2
Sojobo is almost dead.
Sojobo hits you with a +0 vorpal morningstar!!
Sojobo pecks you! Sojobo claws you but does no damage.
Sojobo blocks your attack.
Sojobo is almost dead.
Sojobo hits you with a +0 vorpal morningstar!!
* * * LOW HITPOINT WARNING * * *
x2 Sojobo pecks you.
* * * LOW HITPOINT WARNING * * *
Sojobo claws you.
* * * LOW HITPOINT WARNING * * *
Press: ? - help, v - describe, . - travel
Here: Sojobo, wielding a +0 vorpal morningstar and wearing a +2 tower shield of reflection (almost dead, repelling missiles)
The floor, spattered with blood.
Unknown command.
You feel much better.
Sojobo waves her feathered arms in wide circles.
The air twists around and strikes you!!
* * * LOW HITPOINT WARNING * * *
Unknown command.
Your cyclops goes berserk!
Sojobo hits you with a +0 vorpal morningstar!!
* * * LOW HITPOINT WARNING * * *
x2 Sojobo misses you.
Sojobo claws you but does no damage.
Sojobo barks, "Your form is terrible!"
Sojobo hits you with a +0 vorpal morningstar!
You die...

#.#...≈≈≈≈#
.##...≈≈≈≈#
#.#.......#
.##.......#
#.#.......#
.###########
###+#############
#####
#.#....C#)....))§§#
≈§≈≈#
#...Q..##§§§≈≈≈≈≈§#
≈§§§#
#.#.#@..#§.§......#
#≈≈≈#
##...#.##§§§§.....#
#c≈≈§#
#...#.#.'§§§§.....# #
#≈§≈≈
################'## #
c§≈≈
#:..#...#..#....†.# #
#≈§
#...#...#..#..PPP.# #
≈ ##'###'##..#..P.P)#
#
###.......'..#..P..!#
+
##.#.#####.####......#


You could see Sojobo (repels missiles, ally target) and a friendly cyclops
(summoned, berserk).

Vanquished Creatures
  4 bone dragons (D)
  Rupert (D)
  A kraken (D)
  Harold (D)
  Chuck (D)
  2 sphinxes (D)
  Gastronok (D)
  4 azure jellies (D)
  A nagaraja (D)
  3 vampire knights (D)
  2 dire elephants (D)
  A fire dragon (D)
  2 hydras (D)
  A yaktaur captain (D)
  2 centaur warriors (D)
  7 anacondas (D)
  A naga warrior (D)
  Erica (D)
  An alligator snapping turtle (D)
  4 dancing weapons (D)
  4 death yaks (D)
  2 orc high priests (D)
  Urug (D)
  A skeletal warrior (D)
  A death drake (D)
  An obsidian statue (D)
  A spriggan druid (D)
  A lindwurm (D)
  3 deep elf pyromancers (D)
  Joseph (D)
  2 deep elf zephyrmancers (D)
  An orc sorcerer (D)
  3 ugly things (D)
  4 crystal guardians (D)
  A wolf spider (shapeshifter) (D)
  A moth of wrath (shapeshifter) (D)
  2 elephants (D)
  7 black mambas (D)
  A guardian serpent (D)
  4 statues (D)
  2 cane toads (D)
  An unseen horror (D)
  A rime drake (D)
  A komodo dragon (D)
  2 guardian mummies (D)
  A queen bee (D)
  4 spriggan defenders (D)
  4 slime creatures (D)
  2 tyrant leeches (D)
  8 blink frogs (D)
  3 wandering mushrooms (D)
  5 snapping turtles (D)
  2 spriggans (D)
  A shadow (D)
  3 redbacks (D)
  2 nagas (D)
  A spatial vortex (D)
  3 water moccasins (D)
  A hydra simulacrum (D)
  A swamp drake (D)
  4 orc warriors (D)
  2 fire dragon simulacra (D)
  A black mamba simulacrum (D)
  A necrophage (D)
  2 centaurs (D)
  An earth elemental (D)
  A water elemental (D)
  32 killer bees (D)
  An electric eel (D)
  A jelly (D)
  6 orc priests (D)
  Jessica (D)
  2 necromancers (D)
  A wizard (D)
  2 orc wizards (D)
  3 humans (D)
  A kobold demonologist (D)
  4 adders (D)
  A phantom (D)
  An adder simulacrum (D)
  7 orcs (D)
  A bat zombie (D)
  An endoplasm (D)
  2 ball python zombies (D)
  2 bat simulacra (D)
  A giant cockroach zombie (D)
  A quokka simulacrum (D)
  2 rats (D)
  A bush (D)
  4 plants (D)
  A tentacle (D)
222 creatures vanquished.

Vanquished Creatures (others)
  A bush (D)
  16 plants (D)
  3 tentacles (D)
20 creatures vanquished.

Grand Total: 242 creatures vanquished

Notes
Turn   | Place    | Note
-------+----------+-------------------------------------------
     0 | D        | mhtbhm the Minotaur Berserker began the quest for the Orb.
     0 | D        | Reached XP level 1. HP: 19/19 MP: 0/0
   115 | D        | Noticed Jessica
   118 | D        | Reached ** piety under Trog
   122 | D        | Killed Jessica
   123 | D        | Reached skill level 5 in Fighting
   123 | D        | Reached skill level 5 in Axes
   123 | D        | Reached XP level 2. HP: 26/30 MP: 1/1
   123 | D        | Reached XP level 3. HP: 32/37 MP: 2/2
   205 | D        | Gained mutation: Your body sometimes deteriorates upon
                  | taking damage. [potion of mutation]
   207 | D        | Lost mutation: Your body sometimes deteriorates upon taking
                  | damage. [potion of mutation]
   207 | D        | Gained mutation: You tend to lose your temper in combat.
                  | [potion of mutation]
   209 | D        | Lost mutation: You tend to lose your temper in combat.
                  | [potion of mutation]
   209 | D        | Gained mutation: You have hidden genetic potential. [potion
                  | of mutation]
   209 | D        | Gained mutation: Your spells are a little easier to cast,
                  | but a little less powerful. [potion of mutation]
   209 | D        | Gained mutation: You expend magic power (3 MP) to
                  | strengthen your wands. [potion of mutation]
   241 | D        | Noticed a water elemental
   245 | D        | Killed a water elemental
   245 | D        | Reached *** piety under Trog
   246 | D        | Reached XP level 4. HP: 47/47 MP: 3/3
   251 | D        | Gained mutation: Your system is resistant to poisons.
                  | (rPois) [hidden potential]
   278 | D        | Found a basalt altar of Yredelemnul.
   278 | D        | Found a shadowy altar of Dithmenos.
   278 | D        | Found a sacrificial altar of Ru.
   278 | D        | Noticed a necrophage
   287 | D        | Killed a necrophage
   288 | D        | Reached skill level 5 in Dodging
   288 | D        | Reached XP level 5. HP: 53/57 MP: 4/4
   293 | D        | Gained mutation: You have sharp toenails. [hidden
                  | potential]
   293 | D        | Lost mutation: You have hidden genetic potential. [hidden
                  | potential expressed]
   303 | D        | Found a hide-covered altar of Uskayaw.
   303 | D        | Found an iron altar of Okawaru.
   303 | D        | Found a bloodstained altar of Trog.
   303 | D        | Found an ornate altar of the Wu Jian Council.
   303 | D        | Noticed a human
   304 | D        | Noticed a human
   311 | D        | Killed a human
   311 | D        | Reached **** piety under Trog
   311 | D        | Killed a human
   312 | D        | Reached skill level 5 in Armour
   312 | D        | Reached XP level 6. HP: 68/68 MP: 5/5
   351 | D        | Found a glowing silver altar of Zin.
   351 | D        | Found a glowing golden altar of the Shining One.
   351 | D        | Found a white marble altar of Elyvilon.
   352 | D        | Noticed a deep elf pyromancer
   361 | D        | Killed a deep elf pyromancer
   362 | D        | Reached XP level 7. HP: 24/78 MP: 6/6
   626 | D        | Found a radiant altar of Vehumet.
   626 | D        | Found a shimmering blue altar of Sif Muna.
   626 | D        | Found an ancient bone altar of Kikubaaqudgha.
   627 | D        | Reached ***** piety under Trog
   651 | D        | Noticed a shadow
   655 | D        | Reached XP level 8. HP: 83/85 MP: 7/7
   756 | D        | Found a blossoming altar of Fedhas.
   756 | D        | Found a stormy altar of Qazlal.
   756 | D        | Found a snail-covered altar of Cheibriados.
   756 | D        | Found a burning altar of Makhleb.
   756 | D        | Found a shimmering altar of Xom.
   757 | D        | Found a hazy altar of Hepliaklqana.
   757 | D        | Found an opulent altar of Gozag.
   757 | D        | Found a sparkling altar of Nemelex Xobeh.
   757 | D        | Found a corrupted altar of Lugonu.
   757 | D        | Found a viscous altar of Jiyva.
   766 | D        | Reached skill level 15 in Axes
   795 | D        | Noticed Erica
   813 | D        | Killed Erica
   813 | D        | Received a gift from Trog
  1108 | D        | Reached skill level 1 in Stealth
  1221 | D        | Noticed a centaur warrior
  1226 | D        | Reached XP level 9. HP: 59/96 MP: 2/8
  1230 | D        | Killed a centaur warrior
  1231 | D        | Reached skill level 15 in Fighting
  1461 | D        | Killed an unseen horror
  1535 | D        | Found Tunet's Antique Weapon Boutique.
  1535 | D        | Noticed an orc sorcerer
  1544 | D        | Noticed an orc high priest
  1546 | D        | Killed an orc sorcerer
  1546 | D        | Received a gift from Trog
  1547 | D        | Reached skill level 10 in Dodging
  1553 | D        | Received a gift from Trog
  1554 | D        | Noticed a red devil
  1557 | D        | Killed an orc high priest
  1557 | D        | Reached ****** piety under Trog
  1558 | D        | Reached XP level 10. HP: 108/108 MP: 3/9
  1560 | D        | Received a gift from Trog
  1765 | D        | Noticed a cane toad
  1765 | D        | Noticed a cane toad
  1769 | D        | Killed a cane toad
  1772 | D        | Killed a cane toad
  1974 | D        | Received a gift from Trog
  2213 | D        | Noticed an elephant
  2213 | D        | Noticed an elephant
  2214 | D        | Noticed a dire elephant
  2214 | D        | Noticed a dire elephant
  2214 | D        | Noticed Gastronok
  2220 | D        | Killed a dire elephant
  2221 | D        | Reached skill level 5 in Stealth
  2221 | D        | Reached XP level 11. HP: 121/121 MP: 10/10
  2225 | D        | Received a gift from Trog
  2227 | D        | Killed a dire elephant
  2234 | D        | Killed Gastronok
  2691 | D        | Noticed a lindwurm
  2694 | D        | Killed a lindwurm
  2701 | D        | Received a gift from Trog
  2704 | D        | Noticed Urug
  2706 | D        | Killed Urug
  2728 | D        | Noticed a five-headed hydra
  2728 | D        | Noticed an eight-headed hydra
  2735 | D        | Killed a six-headed hydra
  2770 | D        | Killed a three-headed hydra
  2829 | D        | Noticed a death drake
  2833 | D        | Killed a death drake
  3172 | D        | Noticed an anaconda
  3172 | D        | Noticed an anaconda
  3173 | D        | Noticed an anaconda
  3174 | D        | Noticed an anaconda
  3176 | D        | Killed an anaconda
  3176 | D        | Received a gift from Trog
  3178 | D        | Killed an anaconda
  3181 | D        | Killed an anaconda
  3182 | D        | Reached XP level 12. HP: 133/133 MP: 11/11
  3182 | D        | Killed an anaconda
  3184 | D        | Received a gift from Trog
  3263 | D        | Noticed an anaconda
  3263 | D        | Noticed an anaconda
  3269 | D        | Killed an anaconda
  3276 | D        | Killed an anaconda
  3277 | D        | Reached skill level 10 in Armour
  3433 | D        | Noticed an anaconda
  3441 | D        | Killed an anaconda
  3441 | D        | Received a gift from Trog
  3499 | D        | Noticed a naga warrior
  3500 | D        | Noticed a nagaraja
  3502 | D        | Found Busel's Magic Scroll Shop.
  3502 | D        | Found Giduag's Antique Weapon Shoppe.
  3511 | D        | Killed a naga warrior
  3512 | D        | Found Remmask's Jewellery Boutique.
  3516 | D        | Killed a nagaraja
  3516 | D        | Received a gift from Trog
  3699 | D        | Got a serpentine rune of Zot
  3770 | D        | Found a blossoming altar of Fedhas.
  3974 | D        | Received a gift from Trog
  3981 | D        | Received a gift from Trog
  3986 | D        | Received a gift from Trog
  3993 | D        | Received a gift from Trog
  4062 | D        | Noticed Harold
  4062 | D        | Noticed Joseph
  4067 | D        | Killed Harold
  4069 | D        | Killed Joseph
  4201 | D        | Received a gift from Trog
  4344 | D        | Found Wef Teps's Book Emporium.
  4344 | D        | Found Ciofup's Jewellery Shop.
  4344 | D        | Found Acloq's Distillery.
  4344 | D        | Found Hytag's Magic Scroll Shoppe.
  4344 | D        | Found Ziucuv's Armour Boutique.
  4344 | D        | Found Dixeino Ciha's Antique Weapon Emporium.
  4344 | D        | Found Reewu's Magic Scroll Shoppe.
  4344 | D        | Found Inicheke's Magic Scroll Shop.
  4344 | D        | Found Hibrok's Magic Scroll Emporium.
  4344 | D        | Found Kuptu's Assorted Antiques.
  4344 | D        | Found Mirr's Antique Armour Boutique.
  4385 | D        | Bought a scroll of enchant armour for 105 gold pieces
  4387 | D        | Bought a potion of haste for 100 gold pieces
  4387 | D        | Bought a potion of heal wounds for 50 gold pieces
  4389 | D        | Bought an amulet of reflection for 390 gold pieces
  4461 | D        | Reached XP level 13. HP: 146/146 MP: 12/12
  4464 | D        | Received a gift from Trog
  4664 | D        | Noticed a fire dragon
  4674 | D        | Killed a fire dragon
  5024 | D        | Received a gift from Trog
  5038 | D        | Identified the +7 executioner's axe of Youthful
                  | Indiscretion {vorpal, Int+4}
  5260 | D        | Reached skill level 1 in Shields
  5320 | D        | Received a gift from Trog
  5602 | D        | Noticed a bone dragon
  5612 | D        | Killed a bone dragon
  5828 | D        | Noticed a vampire knight
  5834 | D        | Killed a vampire knight
  5835 | D        | Reached skill level 27 in Axes
  5884 | D        | Noticed a vampire knight
  5893 | D        | Killed a vampire knight
  5893 | D        | Received a gift from Trog
  6253 | D        | Noticed a vampire knight
  6256 | D        | Killed a vampire knight
  6286 | D        | Noticed a bone dragon
  6299 | D        | Killed a bone dragon
  6300 | D        | Reached skill level 10 in Stealth
  6300 | D        | Reached skill level 1 in Evocations
  6493 | D        | Received a gift from Trog
  6500 | D        | Noticed a bone dragon
  6510 | D        | Killed a bone dragon
  6511 | D        | Reached skill level 15 in Armour
  6772 | D        | Noticed a bone dragon
  6783 | D        | Killed a bone dragon
  6991 | D        | Received a gift from Trog
  7009 | D        | Noticed a sphinx
  7009 | D        | Noticed a sphinx
  7017 | D        | Killed a sphinx
  7019 | D        | Killed a sphinx
  7020 | D        | Reached skill level 5 in Shields
  7279 | D        | Received a gift from Trog
  7280 | D        | Reached XP level 14. HP: 165/165 MP: 13/13
  7284 | D        | Received a gift from Trog
  7697 | D        | Paralysed by an air elemental for 1 turns
  8035 | D        | Received a gift from Trog
  8293 | D        | Noticed Rupert
  8300 | D        | Killed Rupert
  8360 | D        | Reached skill level 27 in Fighting
  8361 | D        | Received a gift from Trog
  8372 | D        | Noticed an azure jelly
  8372 | D        | Noticed an azure jelly
  8421 | D        | Received a gift from Trog
  8458 | D        | Noticed a kraken
  8471 | D        | Killed a kraken
  8472 | D        | Reached skill level 15 in Dodging
  8633 | D        | Reached skill level 1 in Throwing
  8709 | D        | Found Luhoull's Antique Armour Shop.
  8709 | D        | Found Lipsemi's Book Boutique.
  8709 | D        | Found Hosylede's Magic Scroll Shoppe.
  8721 | D        | Received a gift from Trog
  8724 | D        | Got a barnacled rune of Zot
  8734 | D        | Bought a faintly humming plate armour for 672 gold pieces
  8734 | D        | Identified the +1 plate armour of Giguschiu {rN+ rCorr
                  | Stlth+} (You bought it in a shop in the Dungeon)
  8754 | D        | Bought a scroll of brand weapon for 260 gold pieces
  8754 | D        | Bought a scroll of enchant armour for 97 gold pieces
  8754 | D        | Bought a scroll of magic mapping for 45 gold pieces
  8762 | D        | Bought a scroll of fog for 26 gold pieces
  8811 | D        | Noticed an azure jelly
  8811 | D        | Noticed an azure jelly
  8819 | D        | Killed an azure jelly
  8821 | D        | Killed an azure jelly
  8824 | D        | Killed an azure jelly
  8827 | D        | Killed an azure jelly
  9025 | D        | Noticed Chuck
  9030 | D        | Received a gift from Trog
  9087 | D        | Killed Chuck
  9142 | D        | Noticed Sojobo
  9171 | D        | HP: 7/168 [Sojobo (21)]
  9171 | D        | HP: 3/168 [Sojobo (4)]
  9171 | D        | Mangled by Sojobo

Illustrated notes

Levels and vault maps discovered:
D:        dungeon_sprint_mu [sprint_mu_entry_forest, sprint_mu_temple_rooms,
          sprint_mu_d1_horrors, sprint_mu_d2_genie, sprint_mu_d3_branching,
          sprint_mu_orc_legion, sprint_mu_elf_gauntlet, sprint_mu_hive_nellie,
          sprint_mu_lair_fedhas, sprint_mu_vaults_butterflies,
          sprint_mu_slime_circle, sprint_mu_shoals_kraken,
          sprint_mu_snake_twists, sprint_mu_blade_basic,
          sprint_mu_crypt_chambers, sprint_mu_tomb_spiral,
          sprint_mu_vestibule_basic, sprint_mu_gehenna_hellfire,
          sprint_mu_dis_giant, sprint_mu_tartarus_statrot,
          sprint_mu_cocytus_islands, sprint_mu_zot1]

Skill      XL: |  1  2  3  4  5  6  7  8  9 10 11 12 13 14 |
---------------+-------------------------------------------+-----
Fighting       | 5 7 9 11 12 14 16 18 20 22 26 27 | 27.0
Axes           | 5 7 9 12 14 16 18 20 23 25 27 | 27.0
Armour         | 3 4 5 6 7 9 12 16 19 | 19.0
Dodging        | 3 4 5 6 7 8 10 11 12 13 14 16 | 16.5
Stealth        | 1 3 5 7 9 11 14 | 14.0
Shields        | 5 7 |  7.1
Evocations     | 1 |  1.8
Throwing       | 1 |  1.4

Action                   |  1- 3 |  4- 6 |  7- 9 | 10-12 | 13-15 || total
-------------------------+-------+-------+-------+-------+-------++-------
Melee: Hand axe          |    18 |    21 |    47 |     4 |       ||    90
       Punch             |     1 |       |     2 |       |       ||     3
       Headbutt          |       |     5 |    15 |    32 |    62 ||   114
       Kick              |       |     2 |    17 |    43 |    93 ||   155
       Executioner's axe |       |       |       |   184 |   239 ||   423
Throw: Dart              |       |       |       |       |     2 ||     2
Invok: Berserk           |     2 |     2 |     4 |     9 |    11 ||    28
       Brothers in Arms  |       |       |       |       |     1 ||     1
Evoke: Box of beasts     |       |       |       |       |     1 ||     1
  Use: Potion            |     3 |       |       |       |     3 ||     6
       Scroll            |       |       |       |       |     5 ||     5
 Stab: Sleeping          |       |       |       |     6 |     9 ||    15
Armor: Animal skin       |     2 |       |       |       |       ||     2
       Leather armour    |       |       |     7 |     4 |       ||    11
       Scale mail        |       |       |       |    18 |    77 ||    95
Dodge: Dodged            |     6 |    11 |    20 |    90 |    82 ||   209
Block: Other             |       |       |       |     1 |    41 ||    42

Table legend: (Time is in decaauts)
 A = Elapsed time spent in this place.
 B = Non-inter-level travel time spent in this place.
 C = Inter-level travel time spent in this place.
 D = Time resting spent in this place.
 E = Time spent auto-exploring this place.
 F = Levels seen in this place.
 G = Mean time per level.
                   A        B        C        D        E       F      G
               +--------+--------+--------+--------+--------+-----+--------+
         Total |   9355 |   9217 |    138 |   6486 |     44 |   1 | 9355.0 |
       Dungeon |   9355 |   9217 |    138 |   6486 |     44 |   1 | 9355.0 |
               +--------+--------+--------+--------+--------+-----+--------+

Top non-repeatable levels by time:
       D: 9355 daAuts
